 Dungeon Crawl Stone Soup version 0.26-a0-1129-gc5df7fbe6a (webtiles) character file.

Game seed: 9848680029118770272

975265 Conn the Archmage (level 27, -3/158 HPs)
             Began as an Octopode Fire Elementalist on Dec 17, 2020.
             Was the Champion of Sif Muna.
             Killed from afar by an iron dragon (25 damage)
             ... with a spray of metal splinters
             ... on level 7 of the Iron City of Dis on Dec 19, 2020.
             The game lasted 12:27:28 (144989 turns).

Conn the Archmage (Octopode Fire Elementalist)    Turns: 144989, Time: 12:27:34

Health: -3/158     AC:  4    Str: 18    XL:     27
Magic:  0/54       EV: 22    Int: 59    God:    Sif Muna [******]
Gold:   6380       SH: 19    Dex: 13    Spells: 7/80 levels left

rFire    + + +     SeeInvis +   b - staff of conjuration
rCold    + . .     Faith    .   A - +5 kite shield {reflect}
rNeg     + + .     Spirit   +   z - -2 hat of the Alchemist {rElec rPois rF+ rC+ rN+ Will+ rMut rCorr}
rPois    +         Reflect  +   j - amulet "Ysesut" {Spirit Fragile rElec Will++ Int+2}
rElec    +         Harm     .   Y - ring of fire
rCorr    +         Rampage  .   U - ring of see invisible
rMut     +                      q - ring of Deudghyjem {rF+ Int+4 SInv}
Will     +++++                  g - +6 ring of intelligence
Stlth    +++++++...             n - ring "Pasag" {Wiz rC+ Int+4}
HPRegen  0.36/turn              W - ring of Amelioration {rF+ rN+ Str+6 Int+4 Slay+3}
MPRegen  0.34/turn              F - ring "Xerpheu" {rElec Int+6 Stlth+}
                                u - ring of Syndicalism {rF- AC+4 Str+5 Int+3}

@: studying Staves
A: almost no armour, stealthy swim, amphibious, 8 rings, constrict 8, camouflage
1, frail 1, screaming 1, shaggy fur 1, gelatinous body 1
}: 6/15 runes: decaying, serpentine, slimy, silver, icy, bone
a: Renounce Religion, Channel Magic, Forget Spell, Divine Exegesis


You were on level 7 of the Iron City of Dis.
You worshipped Sif Muna.
Sif Muna was exalted by your worship.
You visited 16 branches of the dungeon, and saw 76 of its levels.
You visited 1 bazaar.
You also visited: Ossuary and Ice Cave.

You collected 11397 gold pieces.
You spent 5017 gold pieces at shops.

Inventory:

Hand Weapons
 a - the +10 rapier of Accord {drain, Dex+5}
   (You found it on level 10 of the Dungeon)

   A truly terrible weapon, it drains the life of those it strikes.
   It affects your dexterity (+5).
 t - the cursed +3 quarterstaff "Ideli" {holy, rF+ rN+ Will+ Str-4}
   (You found it on level 14 of the Dungeon)

   It has been blessed by the Shining One to cause great damage to the undead
   and demons.
   It affects your strength (-4).
   It protects you from fire.
   It protects you from negative energy.
   It affects your willpower, your defense against some magical effects.
   It has a curse placed upon it.
 C - a +9 vorpal triple crossbow
Missiles
 E - 1995 bolts
 L - 36 curare-tipped darts (quivered)
Armour
 o - the +3 crown of Dyrovepreva {rElec Int+2 SInv}
   (You found it on level 3 of the Elven Halls)

   It affects your intelligence (+2).
   It insulates you from electricity.
   It lets you see invisible.
 v - a +2 buckler of protection
 z - the -2 hat of the Alchemist (worn) {rElec rPois rF+ rC+ rN+ Will+ rMut rCorr}
   (You bought it in a shop on level 3 of the Snake Pit)

   It protects you from fire.
   It protects you from cold.
   It insulates you from electricity.
   It protects you from poison.
   It protects you from negative energy.
   It affects your willpower, your defense against some magical effects.
   It provides partial protection from all sources of acid and corrosion.
   It protects you from mutation.
 A - a +5 kite shield of reflection (worn)
 K - the +2 hood of the Assassin {Detection Stab+ Stlth++}
   (You found it on level 3 of the Depths)

   It makes you much more stealthy.
Magical Staves
 b - an uncursed staff of conjuration (weapon)
 e - an uncursed staff of fire
 x - an uncursed staff of cold
Jewellery
 d - the cursed ring of Oguth {*Drain +Inv rN+ AC-4 Slay+3}
   (You took it off a deep elf elementalist on level 5 of the Vaults)

   [ring of protection]

   It affects your AC (-4).
   It affects your accuracy and damage with ranged weapons and melee attacks
   (+3).
   It protects you from negative energy.
   It lets you turn invisible.
   It causes draining when unequipped.
   It has a curse placed upon it.
 g - a +6 ring of intelligence (on tentacle)
 j - the amulet "Ysesut" (around mantle) {Spirit Fragile rElec Will++ Int+2}
   (You acquired it on level 9 of the Dungeon)

   [amulet of guardian spirit]

   It causes incoming damage to be split between your health and magic.
   It affects your intelligence (+2).
   It insulates you from electricity.
   It affects your willpower, your defense against some magical effects.
   It will be destroyed if unequipped.
 n - the ring "Pasag" (on tentacle) {Wiz rC+ Int+4}
   (You found it on level 7 of Tartarus)

   [ring of wizardry]

   It improves your spell success rate.
   It affects your intelligence (+4).
   It protects you from cold.
 q - the ring of Deudghyjem (on tentacle) {rF+ Int+4 SInv}
   (You took it off a skeletal warrior on level 7 of Cocytus)

   [ring of see invisible]

   It affects your intelligence (+4).
   It protects you from fire.
   It lets you see invisible.
 u - the ring of Syndicalism (on tentacle) {rF- AC+4 Str+5 Int+3}
   (You acquired it on level 15 of the Dungeon)

   [ring of protection]

   It affects your AC (+4).
   It affects your strength (+5).
   It affects your intelligence (+3).
   It makes you vulnerable to fire.
 F - the ring "Xerpheu" (on tentacle) {rElec Int+6 Stlth+}
   (You found it on level 5 of the Depths)

   [ring of stealth]

   It affects your intelligence (+6).
   It insulates you from electricity.
   It makes you more stealthy.
 G - the ring of Saptangi {+Fly rElec rF+ Str+2}
   (You found it on level 8 of the Dungeon)

   [ring of flight]

   It affects your strength (+2).
   It protects you from fire.
   It insulates you from electricity.
   It lets you fly.
 H - an uncursed ring of fire
 N - an uncursed ring of ice
 O - an uncursed ring of magical power
 U - a ring of see invisible (right tentacle)
 W - the ring of Amelioration (on tentacle) {rF+ rN+ Str+6 Int+4 Slay+3}
   (You took it off a fire giant on level 5 of the Vaults)

   [ring of strength]

   It affects your strength (+6).
   It affects your intelligence (+4).
   It affects your accuracy and damage with ranged weapons and melee attacks
   (+3).
   It protects you from fire.
   It protects you from negative energy.
 X - a +6 ring of intelligence
 Y - a ring of fire (left tentacle)
Wands
 l - a wand of digging (10)
 B - a wand of paralysis (52)
 I - a wand of acid (37)
 M - a wand of iceblast (76)
Scrolls
 c - 5 scrolls of fear
 i - 32 scrolls of teleportation
 m - 38 scrolls of identify
 r - 6 scrolls of immolation
 s - 5 scrolls of amnesia
 J - 20 scrolls of remove curse
 S - 8 scrolls of magic mapping
 Z - 8 scrolls of fog
Potions
 f - 12 potions of curing
 k - 9 potions of might
 p - 2 potions of mutation
 y - 2 potions of flight
 P - 3 potions of brilliance
Books
 V - a manual of Staves
Miscellaneous
 Q - the horn of Geryon
 R - a phantom mirror


   Skills:
 + Level 11.8 Fighting
 + Level 9.8 Short Blades
 + Level 11.4 Staves
 + Level 0.4 Crossbows
 + Level 1.9 Throwing
 + Level 15.2 Dodging
 - Level 11.0 Stealth
 + Level 16.2 Shields
 + Level 0.1 Unarmed Combat
 O Level 27 Spellcasting
 + Level 26.0 Conjurations
 + Level 12.1 Summonings
 + Level 12.7 Translocations
 + Level 23.6 Fire Magic
 + Level 8.5 Ice Magic
 + Level 2.3 Air Magic
 * Level 18.2 Earth Magic
 + Level 1.5 Poison Magic
 + Level 13.4 Invocations
 + Level 2.8 Evocations


You had 7 spell levels left.
You knew the following spells:

 Your Spells              Type           Power        Failure   Level
a - Foxfire               Conj/Fire      100%         0%          1
b - Iskenderun's Mystic   Conj/Tloc      100%         0%          4
c - Orb of Destruction    Conj           91%          0%          7
d - Dispersal             Tloc           62%          1%          6
e - Fireball              Conj/Fire      100%         0%          5
f - Shatter               Erth           69%          1%          9
g - Freeze                Ice            100%         0%          1
h - Hailstorm             Conj/Ice       100%         0%          4
i - Ozocubu's Armour      Ice            100%         0%          3
j - Lehudib's Crystal Sp  Conj/Erth      87%          1%          8
k - Starburst             Conj/Fire      100%         0%          6
l - Blink                 Tloc           N/A          0%          2
m - Ignition              Fire           88%          1%          8
n - Fire Storm            Conj/Fire      100%         1%          9

Your spell library contained the following spells:

 Spells                   Type           Power        Failure   Level
 Apportation              Tloc           100%         0%          1
 Magic Dart               Conj           100%         0%          1
 Sandblast                Erth           100%         0%          1
 Shock                    Conj/Air       100%         0%          1
 Summon Small Mammal      Summ           100%         0%          1
 Call Imp                 Summ           100%         0%          2
 Ensorcelled Hibernation  Hex/Ice        100%         0%          2
 Passwall                 Tmut/Erth      93%          0%          2
 Searing Ray              Conj           100%         0%          2
 Call Canine Familiar     Summ           100%         0%          3
 Conjure Flame            Conj/Fire      100%         0%          3
 Dazzling Flash           Conj/Hex       100%         0%          3
 Frozen Ramparts          Ice            100%         0%          3
 Gell's Gravitas          Tloc           62%          0%          3
 Ignite Poison            Fire/Tmut/Pois 100%         0%          3
 Inner Flame              Hex/Fire       100%         0%          3
 Lesser Beckoning         Tloc           62%          0%          3
 Mephitic Cloud           Conj/Pois/Air  100%         0%          3
 Portal Projectile        Hex/Tloc       100%         0%          3
 Static Discharge         Conj/Air       100%         0%          3
 Stone Arrow              Conj/Erth      100%         0%          3
 Summon Guardian Golem    Hex/Summ       100%         0%          3
 Teleport Other           Tloc           100%         0%          3
 Fulminant Prism          Conj/Hex       75%          0%          4
 Leda's Liquefaction      Hex/Erth       56%          0%          4
 Passage of Golubria      Tloc           N/A          0%          4
 Petrify                  Tmut/Erth      100%         0%          4
 Sticky Flame             Conj/Fire      100%         0%          4
 Summon Ice Beast         Ice/Summ       100%         0%          4
 Bolt of Magma            Conj/Fire/Erth 100%         0%          5
 Irradiate                Conj/Tmut      75%          0%          5
 Iskenderun's Battlesphe  Conj           100%         0%          5
 Lee's Rapid Deconstruct  Erth           69%          0%          5
 Lightning Bolt           Conj/Air       76%          0%          5
 Summon Demon             Summ           61%          0%          5
 Summon Forest            Summ/Tloc      61%          0%          5
 Iron Shot                Conj/Erth      87%          0%          6
 Animate Skeleton         Necr           100%         1%          1
 Beastly Appendage        Tmut           100%         1%          1
 Corona                   Hex            75%          1%          1
 Pain                     Necr           100%         1%          1
 Sting                    Tmut/Pois      100%         1%          1
 Corpse Rot               Necr/Air       N/A          1%          2
 Poisonous Vapours        Pois/Air       100%         1%          2
 Slow                     Hex            68%          1%          2
 Sublimation of Blood     Necr           34%          1%          2
 Swiftness                Air            82%          1%          2
 Wereblood                Tmut           68%          1%          2
 Confusing Touch          Hex            68%          1%          3
 Spider Form              Tmut/Pois      36%          1%          3
 Tukima's Dance           Hex            68%          1%          3
 Vampiric Draining        Necr           34%          1%          3
 Airstrike                Air            41%          1%          4
 Animate Dead             Necr           34%          1%          4
 Cause Fear               Hex            34%          1%          4
 Dispel Undead            Necr           68%          1%          4
 Ice Form                 Ice/Tmut       92%          1%          4
 Olgreb's Toxic Radiance  Pois           77%          1%          4
 Summon Lightning Spire   Summ/Air       100%         1%          4
 Agony                    Necr           68%          1%          5
 Alistair's Intoxication  Tmut/Pois      48%          1%          5
 Blade Hands              Tmut           34%          1%          5
 Borgnjor's Vile Clutch   Necr/Erth      56%          1%          5
 Excruciating Wounds      Necr           34%          1%          5
 Metabolic Englaciation   Hex/Ice        46%          1%          5
 Silence                  Hex/Air        37%          1%          5
 Summon Mana Viper        Hex/Summ       100%         1%          5
 Yara's Violent Unravell  Hex/Tmut       34%          1%          5
 Conjure Ball Lightning   Conj/Air       76%          1%          6
 Freezing Cloud           Conj/Ice/Air   73%          1%          6
 Ozocubu's Refrigeration  Ice            55%          1%          6
 Shadow Creatures         Summ           N/A          1%          6
 Simulacrum               Ice/Necr       46%          1%          6
 Statue Form              Tmut/Erth      74%          1%          6
 Malign Gateway           Summ/Tloc      61%          1%          7
 Monstrous Menagerie      Summ           61%          1%          7
 Spellforged Servitor     Conj/Summ      83%          1%          7
 Summon Greater Demon     Summ           61%          1%          7
 Summon Hydra             Summ           61%          1%          7
 Haunt                    Necr/Summ      50%          2%          7
 Eringya's Noxious Bog    Tmut/Pois      36%          4%          6
 Death Channel            Necr           34%          5%          6
 Hydra Form               Tmut           34%          5%          6
 Invisibility             Hex            68%          5%          6
 Dragon Form              Tmut           34%          26%         7
 Chain Lightning          Conj/Air       76%          1%          8
 Disjunction              Tloc           62%          1%          8
 Summon Horrible Things   Summ           61%          1%          8
 Dragon's Call            Summ           61%          22%         9
 Absolute Zero            Ice            55%          65%         9
 Borgnjor's Revivificati  Necr           34%          89%         8
 Discord                  Hex            34%          89%         8
 Infestation              Necr           34%          89%         8
 Necromutation            Tmut/Necr      34%          89%         8
 Death's Door             Necr           34%          100%        9
 Tornado                  Air            41%          100%        9


Dungeon Overview and Level Annotations

Branches:
Dungeon (15/15)            Temple (1/1) D:7            Lair (6/6) D:9
  Swamp (4/4) Lair:3        Snake (4/4) Lair:4        Slime (5/5) Lair:5
    Orc (2/2) D:12            Elf (3/3) Orc:2        Vaults (5/5) D:13
  Crypt (3/3) Vaults:2       Tomb (0/3) Crypt:3      Depths (5/5) D:15
   Hell (visited)             Dis (7/7) Hell            Geh (1/7) Hell
    Coc (7/7) Hell            Tar (7/7) Hell            Zot (0/5) Depths:5
Ossuary (visited)           IceCv (visited)

Altars:
Ashenzari
Cheibriados
Dithmenos
Elyvilon
Fedhas
Gozag
Hepliaklqana
Kikubaaqudgha
Makhleb
Nemelex Xobeh
Okawaru
Qazlal
Ru
Sif Muna
Trog
Uskayaw
Vehumet
Wu Jian
Xom
Yredelemnul
Zin
The Shining One
Beogh
Jiyva

Shops:
D:6 }   D:8 [   D:15 ?   Orc:2 ([(:   Snake:3 [   Vaults:1 [   Vaults:4 [
Depths:1 =[???   Depths:5 [?

Portals:
Hell: Depths:1 Depths:3 Depths:4 Depths:5
Abyss: Depths:4 Depths:5
Pandemonium: Depths:1 Depths:3
Ziggurat: Depths:3


Innate Abilities, Weirdness & Mutations

You cannot wear most types of armour.
You are very stealthy in the water. (Stealth+)
You are amphibious.
You can wear up to eight rings at the same time.
You can use your tentacles to constrict eight enemies at once.
Your skin changes colour to match your surroundings (Stealth+).
Your rubbery body absorbs attacks. (AC +1, EV +1)
You are frail. (-10% HP)
You occasionally shout uncontrollably at your foes.
You are covered in fur. (AC +1)


Message History

Okay, then.
Search for what [Enter for "enchant", or ? for help]? blink Can't find anything matching that.
Unknown command.
Unknown command.
Casting: Fire Storm (mildly dangerous; 1% risk of failure)
Confirm with . or Enter, or press ? or * to list all spells.
Okay, then.
Unknown command.
Unknown command.
Casting: Fire Storm (mildly dangerous; 1% risk of failure)
Confirm with . or Enter, or press ? or * to list all spells.
Okay, then.
Casting: Fire Storm (mildly dangerous; 1% risk of failure)
Confirm with . or Enter, or press ? or * to list all spells.
You blink.
You are engulfed in blazing flames.
You resist.
* * * LOW HITPOINT WARNING * * *
The iron dragon breathes metal splinters at you.
The spray of metal splinters hits you!!
You die...

...'.....##......#
...'...v.#.......#
...'.....##......#
####58.§.##......#
#.vD2.#....##.#
#☼v°v.##'[###.#
#.8○○.#[...#..#
#°.v°.'....'..#
#.@.v.'....'..#
#○°v°.#....#..#
#...v.##''###.#
#v....#....##.#
#.8...##......#
.'.....##......#
.'.....# ......#
.'.....# .....#
......#


You could see an iron dragon (catching breath), a balrug, an iron imp and 9
friendly fire vortices.

Vanquished Creatures
  Antaeus (Coc:7)
  the Royal Jelly (Slime:5)
  Ereshkigal (Tar:7)
  the Serpent of Hell (Tar:7)
  Mara (Vaults:2)
  An ancient lich (Vaults:5)
  A juggernaut (Depths:5)
  Sojobo (Depths:5)
  A royal mummy (Crypt:3)
  Boris (Depths:5)
  21 shard shrikes
  Frederick (Crypt:3)
  Vashnia (Snake:4)
  Bai Suzhen (Vaults:5)
  Xtahua (Crypt:3)
  3 golden dragons
  Geryon (Hell)
  Jory (Crypt:3)
  72 Tzitzimimeh
  27 bone dragons
  15 doom hounds
  3 iron giants
  3 Brimstone Fiends
  Jorgrun (D:13)
  5 tentacled monstrosities
  6 Hell Sentinels
  A shard shrike zombie (Crypt:3)
  29 Ice Fiends
  2 deep elf blademasters (Elf:3)
  A quicksilver dragon (Depths:4)
  3 titans
  2 deep elf master archers (Elf:3)
  9 liches
  Asterion (Snake:4)
  23 acid blobs
  3 Executioners
  Frances (Snake:1)
  6 sphinxes
  4 ancient champions
  14 tengu reavers
  3 storm dragons
  2 thorn hunters (Swamp:4)
  11 shadow dragons
  Roxanne (Elf:2)
  Donald (Elf:1)
  A revenant (Crypt:3)
  12 azure jellies
  3 draconian monks (Depths:5)
  6 deep elf sorcerers
  4 nagarajas (Snake:4)
  16 vault wardens
  9 frost giants
  10 fire giants
  Aizul (Snake:1)
  8 iron dragons
  A fenstrider witch (Swamp:3)
  An orc warlord (Orc:2)
  9 balrugs
  A draconian stormcaller (Depths:5)
  Louise (Snake:4)
  3 cacodemons
  2 curse skulls (Crypt:1)
  8 deep elf elementalists
  5 ghouls
  80 reapers
  2 draconian annihilators (Depths:5)
  13 war gargoyles
  2 spriggan defenders (Depths:4)
  10 ironheart preservers
  8 very ugly things
  2 green draconians (Depths:5)
  3 elemental wellsprings
  10 deep elf demonologists
  7 red draconians (Depths:5)
  Azrael (D:14)
  18 stone giants
  8 vampire knights
  8 purple draconians (Depths:5)
  2 white draconians (Depths:5)
  5 deep elf annihilators (Elf:3)
  9 bunyips
  10 deep elf death magi
  21 blizzard demons
  2 eleionomae
  A kraken zombie (Coc:5)
  4 eidola
  7 fire dragons
  Josephine (D:11)
  6 mummy priests (Crypt:3)
  14 ettins
  19 jiangshi
  10 great orbs of eyes
  3 green deaths
  10 quicksilver dragon zombies
  12 deep elf high priests
  15 yaktaur captains
  A spectral kraken (Tar:7)
  12 death oozes (Slime:5)
  A fire dragon (shapeshifter) (Vaults:5)
  A shambling mangrove (Swamp:4)
  14 ogre magi
  Erolcha (D:12)
  4 ghost crabs
  16 naga warriors
  6 rakshasas
  26 hydras
  A catoblepas (Lair:3)
  3 hell beasts
  36 vault guards
  9 boulder beetles
  29 ice dragons
  6 anacondas
  6 quicksilver dragon skeletons
  3 spriggan air magi
  34 two-headed ogres
  10 centaur warriors
  A two-headed ogre (shapeshifter) (Elf:3)
  11 alligators
  4 deep troll shamans
  23 dancing weapons
  3 death knights
  15 tengu warriors
  A queen ant (Lair:2)
  2 death yaks (Lair:3)
  2 orc high priests (Orc:2)
  21 vampire magi
  3 deep troll earth magi
  4 titan zombies
  36 soul eaters
  9 spriggan berserkers
  17 deep elf knights
  8 storm dragon zombies
  10 shock serpents
  19 naga sharpshooters
  9 sun demons
  14 iron trolls
  6 iron golems
  289 skeletal warriors
  19 hell knights
  A sixfirhy (Depths:3)
  4 death drakes
  8 titan skeletons
  22 deep trolls
  7 salamander mystics
  2 shadow wraiths
  5 sea snakes (Snake:4)
  A bunyip zombie (Crypt:2)
  6 glowing orange brains
  2 quicksilver dragon simulacra
  4 golden dragon zombies
  4 unseen horrors
  6 goliath frogs
  17 flayed ghosts
  10 naga ritualists
  8 swamp dragons
  6 spriggan druids
  4 wizards
  13 anaconda zombies
  2 storm dragon skeletons
  35 shadow demons
  11 bog bodies
  10 ironbrand convokers
  5 golden dragon skeletons
  13 deep elf archers
  26 phantasmal warriors
  A ghost moth zombie (Tar:5)
  An orange crystal statue (Swamp:3)
  8 anaconda skeletons
  Pikel (D:4)
  9 mana vipers
  7 necromancers
  3 shadow dragon zombies
  A lindwurm (Depths:5)
  5 wolf spiders
  5 harpies (Vaults:4)
  7 iron dragon zombies
  2 orb spiders (shapeshifter)
  14 orc knights
  3 shadow dragon skeletons
  A sphinx zombie (Vaults:5)
  8 stone giant zombies
  10 wolf spider zombies
  41 ugly things
  3 oklob plants (Lair:3)
  63 deep elf magi
  9 will-o-the-wisps
  2 manticores
  9 frost giant zombies
  10 fire giant zombies
  7 orc sorcerers
  11 cyclopes
  11 salamanders
  19 elephants
  6 iron dragon skeletons
  2 shock serpent zombies
  4 guardian serpents
  7 fire giant skeletons
  38 black mambas
  3 dire elephant zombies
  5 frost giant skeletons
  9 shining eyes
  11 stone giant skeletons
  Psyche (D:9)
  14 vault sentinels
  A water nymph (shapeshifter) (Vaults:5)
  A torpor snail (Lair:3)
  6 ice statues
  A minotaur zombie (Coc:5)
  3 smoke demons
  10 spectral swamp worms (Tar:7)
  An eye of devastation (Slime:4)
  45 rust devils
  16 naga magi
  A guardian serpent (shapeshifter) (Elf:2)
  A gargoyle (D:10)
  A molten gargoyle (Hell)
  14 cane toads
  A storm dragon simulacrum (Vaults:5)
  2 shock serpent skeletons
  3 dire elephant skeletons
  An emperor scorpion zombie (Tar:4)
  A yaktaur zombie (Vaults:2)
  22 hellions
  5 kobold demonologists
  Maggie (Lair:2)
  67 freezing wraiths
  2 efreet
  2 catoblepas zombies
  5 rime drakes
  49 tormentors
  61 yaktaurs
  A komodo dragon (shapeshifter) (Depths:5)
  3 human skeletons
  62 ice devils
  An anaconda simulacrum (Coc:3)
  A black draconian zombie (Tar:3)
  12 komodo dragons
  6 silent spectres
  24 guardian mummies (Crypt:3)
  13 hellwings
  2 harpy zombies
  A queen bee (shapeshifter) (Vaults:2)
  A yaktaur skeleton (Vaults:2)
  A purple draconian skeleton (Crypt:2)
  A queen bee (Orc:1)
  14 red devils
  12 trolls
  11 polar bears
  7 tengu conjurers
  A wind drake (Depths:5)
  2 bloated husks
  A catoblepas skeleton (Tar:6)
  8 tyrant leeches
  A wolf spider simulacrum (D:13)
  A harpy skeleton (Tar:7)
  121 slime creatures
  8 hornets
  23 hydra zombies
  2 meliai (shapeshifter)
  8 blink frogs
  Grinder (D:4)
  4 raiju (Lair:6)
  8 hydra skeletons
  2 stone giant simulacra
  4 alligator zombies
  5 fire dragon zombies
  4 dream sheep (Lair:5)
  A blink frog (shapeshifter) (Depths:3)
  A fire giant simulacrum (Tar:6)
  12 ice dragon zombies
  9 ettin zombies
  A guardian serpent zombie (Crypt:2)
  6 ettin skeletons
  A frost giant simulacrum (Coc:7)
  8 spriggans
  36 shadows
  2 air elementals (Elf:1)
  131 flying skulls
  2 fire dragon skeletons
  41 wraiths
  5 vampires
  A black mamba zombie (Coc:7)
  52 yaks
  4 ice dragon skeletons
  10 water elementals
  A dire elephant simulacrum (Coc:7)
  4 alligator skeletons
  5 wyverns
  13 basilisks
  11 fire elementals
  13 ushabtiu (Crypt:3)
  3 black mamba skeletons
  A human (shapeshifter) (Vaults:5)
  11 vampire mosquitoes
  6 golden eyes
  2 neqoxecs (Depths:3)
  A wind drake skeleton (Crypt:2)
  3 steam dragons
  6 human zombies
  A death yak simulacrum (IceCv)
  43 nagas
  8 wargs
  13 swamp worms
  A swamp worm (shapeshifter) (Elf:2)
  20 soldier ants
  7 acid dragons
  11 water moccasins
  14 cane toad zombies
  88 hell hounds
  3 hydra simulacra
  A floating eye (Slime:3)
  A merfolk skeleton (Coc:5)
  A torturous demonspawn skeleton (Crypt:3)
  A gelid demonspawn skeleton (Tar:1)
  An infernal demonspawn skeleton (Crypt:1)
  51 orc warriors
  6 cane toad skeletons
  8 black bears
  8 phantoms
  A dream sheep zombie (Crypt:2)
  An ettin simulacrum (Depths:4)
  An ice dragon simulacrum (Coc:3)
  5 sky beasts
  A manticore zombie (Dis:1)
  7 snapping turtle zombies
  16 swamp drakes
  2 swamp dragon zombies (Dis:6)
  5 eyes of draining
  50 necrophages
  19 ice beasts
  A lindwurm zombie (Crypt:3)
  An ogre (shapeshifter) (Elf:1)
  33 wolves
  5 snapping turtle skeletons
  36 ogres
  11 centaurs
  2 swamp dragon skeletons
  A lemure (D:4)
  The ghost of rlgrobin the Sneak, an amateur KoDe (D:5)
  3 big kobolds
  3 manticore skeletons
  3 elf zombies
  A cyclops zombie (Crypt:3)
  3 earth elementals
  22 bullfrogs
  An elf skeleton (Tar:2)
  2 wyvern zombies (Ossuary)
  3 cane toad simulacra
  A water moccasin zombie (Crypt:1)
  A water moccasin skeleton (D:7)
  A wyvern skeleton (D:13)
  8 scorpions
  A cyclops skeleton (Crypt:1)
  A raiju zombie (Crypt:1)
  A snapping turtle simulacrum (Coc:3)
  30 killer bees
  A troll skeleton (Tar:7)
  4 electric eels
  A spriggan skeleton (Tar:4)
  82 wights
  5 howler monkeys
  2 crimson imps
  7 bullfrog zombies
  5 draconian simulacra (IceCv)
  4 centaur zombies
  13 hounds
  Crazy Yiuf (D:2)
  A gnoll shaman (D:4)
  28 orc priests
  6 bullfrog skeletons
  6 centaur skeletons
  10 jellies
  42 orc wizards
  35 iron imps
  Jessica (D:2)
  8 iguanas
  35 mummies
  3 polar bear simulacra (IceCv)
  4 spriggan simulacra (IceCv)
  28 worker ants
  13 hell rats
  4 troll simulacra (IceCv)
  2 killer bee zombies
  2 centaur simulacra (IceCv)
  An ogre zombie (Tar:6)
  3 tengu zombies
  2 ogre skeletons
  2 naga skeletons
  A tengu skeleton (Coc:7)
  3 hound zombies
  A hound skeleton (D:7)
  2 howler monkey zombies
  5 worker ant zombies
  8 gnolls
  3 ogre simulacra (IceCv)
  15 adders
  2 naga simulacra (IceCv)
  4 river rats (D:5)
  35 shadow imps
  31 white imps
  3 ufetubi
  An adder skeleton (D:5)
  7 adder zombies
  5 worms
  A dart slug (D:4)
  6 leopard geckos
  146 orcs
  A bat skeleton (Crypt:3)
  8 giant cockroaches
  7 goblins
  12 hobgoblins
  12 jackals
  20 kobolds
  2 quokkas
  3 ball pythons
  4 bats
  A dart slug zombie (Crypt:1)
  15 frilled lizards
  A giant cockroach zombie (Ossuary)
  2 goblin skeletons (Crypt:1)
  4 jackal skeletons
  3 jackal zombies
  A kobold skeleton (Tar:7)
  2 kobold zombies
  A leopard gecko skeleton (D:5)
  5 leopard gecko zombies
  An orc skeleton (Tar:7)
  An orc zombie (Crypt:1)
  A quokka zombie (D:5)
  19 rats
  8 fire vortices
  A foxfire (Coc:7)
  A tentacle (Coc:5)
4511 creatures vanquished.

Vanquished Creatures (collateral kills)
  A Tzitzimitl (Tar:4)
  A bone dragon (Tar:6)
  A titan (Vaults:5)
  A fire giant (Depths:2)
  A yaktaur captain (Vaults:5)
  A hydra (Swamp:3)
  An anaconda (Snake:1)
  3 dancing weapons (Elf:2)
  3 slime creatures (Slime:1)
  2 deep elf knights (Elf:2)
  3 skeletal warriors
  A golden dragon skeleton (Tar:1)
  An iron dragon skeleton (Tar:6)
  A fire giant zombie (Tar:4)
  A tengu skeleton (Vaults:5)
  A black mamba (Snake:1)
  2 hellwings (Depths:1)
  A red devil (Depths:1)
  An alligator zombie (Hell)
  3 vampire mosquitoes (D:14)
  An ice beast (Coc:3)
  5 hell hounds
  4 black bears (Lair:6)
  A necrophage (Tar:1)
  A wolf (Lair:6)
  A snapping turtle skeleton (Dis:4)
  4 wights
  A crimson imp (Depths:1)
  2 mummies (Crypt:3)
  A shadow imp (Tar:7)
  2 orcs (Orc:2)
  19 foxfires
72 creatures vanquished.

Vanquished Creatures (others)
  A reaper (Coc:5)
  An elemental wellspring (Coc:5)
  A quicksilver dragon simulacrum (Depths:4)
  A bloated husk (Swamp:1)
  A flying skull (Crypt:3)
  A hell hound (D:14)
  3 ettin simulacra (Depths:4)
  A killer bee (Orc:1)
  A crimson imp (Geh:1)
  An iron imp (Dis:4)
  An orc wizard (Orc:2)
  2 orcs (D:11)
  A bush (Depths:5)
  204 fire vortices
  2757 foxfires
  53 fungi
  133 plants
  17 tentacles
  14 withered plants
3194 creatures vanquished.

Grand Total: 7777 creatures vanquished

Notes
Turn   | Place    | Note
-------+----------+-------------------------------------------
     0 | D:1      | Conn the Octopode Fire Elementalist began the quest for the
                  | Orb.
     0 | D:1      | Reached XP level 1. HP: 11/11 MP: 3/3
   184 | D:1      | Reached XP level 2. HP: 17/17 MP: 1/5
   989 | D:1      | Reached XP level 3. HP: 21/21 MP: 4/6
  1100 | D:2      | Found a broken altar of Ashenzari.
  1346 | D:2      | Noticed Jessica
  1348 | D:2      | Killed Jessica
  1349 | D:2      | Reached XP level 4. HP: 27/27 MP: 2/8
  1600 | D:2      | Found a runed translucent door.
  1601 | D:2      | Noticed Crazy Yiuf
  1608 | D:2      | Learned a level 3 spell: Conjure Flame
  1612 | D:2      | Learned a level 3 spell: Inner Flame
  1616 | D:2      | Killed Crazy Yiuf
  1617 | D:2      | Reached skill level 3 in Spellcasting
  1617 | D:2      | Reached XP level 5. HP: 21/31 MP: 9/9
  2341 | D:2      | Found a hide-covered altar of Uskayaw.
  3399 | D:4      | Found a snail-covered altar of Cheibriados.
  3408 | D:4      | Noticed Grinder
  3411 | D:4      | Paralysed by Grinder for 6 turns
  3431 | D:4      | Reached XP level 6. HP: 32/36 MP: 7/11
  3560 | D:4      | Learned a level 4 spell: Sticky Flame
  3723 | D:4      | Reached skill level 5 in Fire Magic
  3949 | D:5      | Entered Level 5 of the Dungeon
  3949 | D:5      | Found a burning altar of Makhleb.
  4253 | D:5      | Reached XP level 7. HP: 32/41 MP: 12/12
  4395 | D:5      | Reached skill level 5 in Stealth
  4395 | D:5      | Reached skill level 4 in Spellcasting
  4598 | D:5      | Found a runed translucent gate.
  4599 | D:5      | Found a runed translucent gate.
  4599 | D:5      | Found a runed translucent gate.
  4601 | D:5      | Noticed rlgrobin's ghost (amateur KoDe)
  5779 | D:5      | Reached XP level 8. HP: 37/46 MP: 9/14
  6422 | D:5      | Found the +2 ratskin cloak {*Rats rPois rN+ Str-1 Int-1
                  | Dex+1}
  6975 | D:5      | Killed rlgrobin's ghost
  6976 | D:5      | Reached skill level 1 in Short Blades
  7155 | D:6      | Reached skill level 1 in Fighting
  7424 | D:6      | Found a sand-covered staircase.
  7428 | Ossuary  | Entered an ossuary
  7947 | Ossuary  | Reached XP level 9. HP: 54/54 MP: 10/16
  7951 | Ossuary  | Reached skill level 5 in Conjurations
  8157 | Ossuary  | Reached skill level 5 in Spellcasting
  8421 | D:6      | Found Wirass's Gadget Emporium.
  8431 | D:6      | Bought a wand of paralysis (10) for 120 gold pieces
  8948 | D:6      | You fall into a shaft and drop 1 floor!
  9046 | D:7      | Learned a level 5 spell: Fireball
  9330 | D:7      | Noticed a manticore
  9331 | D:7      | Noticed a four-headed hydra
  9331 | D:7      | Noticed a boulder beetle
  9351 | D:7      | Killed a manticore
  9427 | D:7      | Killed a four-headed hydra
  9428 | D:7      | Reached skill level 6 in Spellcasting
  9428 | D:7      | Reached XP level 10. HP: 58/60 MP: 2/19
  9604 | D:7      | Noticed a two-headed ogre
  9617 | D:7      | Killed a two-headed ogre
  9751 | D:7      | Found a staircase to the Ecumenical Temple.
  9757 | Temple   | Entered the Ecumenical Temple
  9970 | D:7      | Reached skill level 1 in Shields
  9994 | D:7      | Noticed a cyclops
 10595 | D:7      | Killed a boulder beetle
 10601 | D:7      | Reached skill level 10 in Fire Magic
 10945 | D:7      | Killed a cyclops
 11113 | D:4      | Killed Grinder
 11114 | D:4      | Reached XP level 11. HP: 59/65 MP: 13/21
 11248 | D:4      | Reached skill level 7 in Spellcasting
 11517 | D:4      | Noticed Pikel
 11520 | D:4      | Killed Pikel
 12554 | D:8      | Got a warped tin ring
 12698 | D:8      | Identified the ring of Saptangi {+Fly rElec rF+ Str+2} (You
                  | found it on level 8 of the Dungeon)
 12800 | D:8      | Found Ythocuew's Antique Armour Emporium.
 12915 | D:9      | Noticed Psyche
 12926 | D:9      | Killed Psyche
 13005 | D:9      | Identified a scroll of acquirement
 13005 | D:9      | Acquired the amulet "Ysesut" {Spirit Fragile rElec Will++
                  | Int+2}
 13054 | D:9      | Learned a level 1 spell: Summon Small Mammal
 13082 | D:10     | Entered Level 10 of the Dungeon
 13082 | D:10     | Noticed a two-headed ogre
 13135 | D:10     | Noticed a boulder beetle
 13328 | D:9      | Found a staircase to the Lair.
 14054 | D:9      | Found a shimmering blue altar of Sif Muna.
 14065 | D:9      | Found a burning altar of Makhleb.
 14066 | D:9      | Found a hazy altar of Hepliaklqana.
 14066 | D:9      | Found an ornate altar of the Wu Jian Council.
 14071 | D:9      | Found an ancient bone altar of Kikubaaqudgha.
 14074 | D:9      | Became a worshipper of Sif Muna the Loreminder
 14079 | D:9      | Found a radiant altar of Vehumet.
 14176 | D:9      | Killed a two-headed ogre
 14232 | D:10     | Noticed a centaur warrior
 14234 | D:10     | Noticed a cyclops
 14495 | D:10     | Got a pitted rapier
 14496 | D:10     | Identified the +10 rapier of Accord {drain, Dex+5} (You
                  | found it on level 10 of the Dungeon)
 14567 | D:10     | Killed a centaur warrior
 14568 | D:10     | Reached skill level 1 in Invocations
 14734 | D:10     | Killed a cyclops
 14790 | D:10     | Noticed a two-headed ogre
 14808 | D:10     | Killed a two-headed ogre
 14809 | D:10     | Reached XP level 12. HP: 50/72 MP: 2/23
 14814 | D:10     | Identified the ring "Assuask" {*Tele Will+ Int-2 Dex+7}
 14814 | D:10     | Noticed a death knight
 14961 | D:10     | Killed a death knight
 14962 | D:10     | Reached skill level 1 in Throwing
 14962 | D:10     | Reached skill level 1 in Summonings
 15569 | D:10     | Reached skill level 8 in Spellcasting
 16211 | D:11     | Reached * piety under Sif Muna
 16422 | D:11     | Reached skill level 10 in Conjurations
 16528 | D:11     | Found a frozen archway.
 16539 | IceCv    | Entered an ice cave
 16592 | IceCv    | Reached ** piety under Sif Muna
 17408 | IceCv    | Found an ancient bone altar of Kikubaaqudgha.
 17658 | IceCv    | Reached *** piety under Sif Muna
 17769 | IceCv    | Reached skill level 1 in Evocations
 17982 | IceCv    | Learned a level 1 spell: Freeze
 17986 | IceCv    | Learned a level 3 spell: Frozen Ramparts
 17990 | IceCv    | Learned a level 3 spell: Ozocubu's Armour
 17995 | IceCv    | Learned a level 4 spell: Summon Ice Beast
 18114 | D:11     | Noticed a boulder beetle
 18124 | D:11     | Killed a boulder beetle
 18365 | D:11     | Noticed a seven-headed hydra
 18373 | D:11     | Killed a seven-headed hydra
 18374 | D:11     | Reached skill level 1 in Ice Magic
 18621 | D:11     | Reached XP level 13. HP: 76/76 MP: 19/25
 18696 | D:11     | Noticed Josephine
 18706 | D:11     | Killed Josephine
 18955 | D:11     | Reached skill level 5 in Shields
 19335 | Lair:1   | Entered Level 1 of the Lair of Beasts
 19401 | Lair:1   | Reached skill level 5 in Short Blades
 19401 | Lair:1   | Reached skill level 5 in Invocations
 19833 | Lair:1   | Reached skill level 9 in Spellcasting
 20865 | Lair:2   | Reached **** piety under Sif Muna
 21335 | Lair:2   | Noticed Maggie
 21340 | Lair:2   | Killed Maggie
 22808 | Lair:3   | Reached skill level 5 in Dodging
 23539 | Lair:3   | Reached XP level 14. HP: 71/83 MP: 8/27
 23707 | Lair:3   | Reached skill level 5 in Ice Magic
 23765 | Lair:3   | Reached ***** piety under Sif Muna
 23805 | Lair:3   | Received a gift from Sif Muna
 23935 | Lair:3   | Learned a level 3 spell: Mephitic Cloud
 24255 | Lair:3   | Found a shadowy altar of Dithmenos.
 24603 | Lair:3   | Found a staircase to the Swamp.
 24840 | Lair:4   | Found a staircase to the Snake Pit.
 25066 | Lair:4   | Identified the Disquisition on Evil and Changing
 26826 | Lair:5   | Reached skill level 10 in Spellcasting
 28315 | Lair:5   | Found a viscous altar of Jiyva.
 28315 | Lair:5   | Found a staircase to the Slime Pits.
 28568 | Lair:6   | Entered Level 6 of the Lair of Beasts
 29156 | Lair:6   | Reached XP level 15. HP: 90/90 MP: 13/29
 29885 | Lair:6   | Identified Jannip's Tome of Glacial Confrontation (Sif Muna
                  | gifted it to you on level 6 of the Lair of Beasts)
 29885 | Lair:6   | Received a gift from Sif Muna
 32260 | Lair:6   | Identified Sif Muna's Papyrus of Glacial Beguiling (Sif
                  | Muna gifted it to you on level 6 of the Lair of Beasts)
 32260 | Lair:6   | Received a gift from Sif Muna
 32275 | Lair:6   | Learned a level 4 spell: Hailstorm
 32839 | D:12     | Noticed Erolcha
 33313 | D:12     | Killed Erolcha
 33615 | D:12     | Reached skill level 5 in Fighting
 33866 | D:12     | Found a blossoming altar of Fedhas.
 33929 | D:12     | Found a staircase to the Orcish Mines.
 34445 | Orc:1    | Entered Level 1 of the Orcish Mines
 34571 | D:12     | Identified Sif Muna's Compendium of Flying Battle Magic
                  | (Sif Muna gifted it to you on level 12 of the Dungeon)
 34571 | D:12     | Received a gift from Sif Muna
 35407 | Orc:2    | Entered Level 2 of the Orcish Mines
 35667 | Orc:2    | Found a roughly hewn altar of Beogh.
 36675 | Orc:1    | Learned a level 7 spell: Orb of Destruction
 36678 | Orc:2    | Identified Sif Muna's Guide on Ashen Combat Magic (Sif Muna
                  | gifted it to you on level 2 of the Orcish Mines)
 36678 | Orc:2    | Received a gift from Sif Muna
 37175 | Orc:2    | Found a roughly hewn altar of Beogh.
 37207 | Orc:2    | Found a roughly hewn altar of Beogh.
 37440 | Orc:2    | Reached XP level 16. HP: 75/99 MP: 22/30
 37599 | Orc:2    | Found Muyl's Antique Armour Shoppe.
 37600 | Orc:2    | Found a roughly hewn altar of Beogh.
 37611 | Orc:2    | Found Zeloseos's Antique Weapon Emporium.
 37670 | Orc:2    | Found a roughly hewn altar of Beogh.
 37722 | Orc:2    | Found a staircase to the Elven Halls.
 37796 | Orc:2    | Found a roughly hewn altar of Beogh.
 37800 | Orc:2    | Found Buywk's Book Shoppe.
 37808 | Orc:2    | Bought a book of Conjurations for 420 gold pieces
 37814 | Orc:2    | Learned a level 4 spell: Iskenderun's Mystic Blast
 37847 | Orc:2    | Found a roughly hewn altar of Beogh.
 37888 | Orc:2    | Found Dug Oxzu's Weapon Boutique.
 37931 | Elf:1    | Entered Level 1 of the Elven Halls
 38681 | Swamp:1  | Entered Level 1 of the Swamp
 38964 | Snake:1  | Entered Level 1 of the Snake Pit
 39482 | Snake:1  | Found a runed translucent door.
 39540 | Snake:1  | Reached skill level 5 in Summonings
 40207 | Snake:1  | Noticed Frances
 40221 | Snake:1  | Killed Frances
 40925 | Snake:1  | Noticed Aizul
 40926 | Snake:1  | Identified Sif Muna's Papyrus of the Blaze (Sif Muna gifted
                  | it to you on level 1 of the Snake Pit)
 40926 | Snake:1  | Received a gift from Sif Muna
 40945 | Snake:1  | Killed Aizul
 41421 | Snake:1  | Reached skill level 11 in Spellcasting
 42449 | Snake:2  | Found a blossoming altar of Fedhas.
 43080 | Snake:2  | HP: 5/103 [poisoned by a black mamba]
 43085 | Snake:2  | HP: 5/103 [poisoned by a black mamba]
 43090 | Snake:2  | HP: 4/103 [poisoned by a black mamba]
 43098 | Snake:2  | HP: 4/103 [poisoned by a black mamba]
 44354 | Snake:3  | Found a glowing golden altar of the Shining One.
 44369 | Snake:3  | Reached XP level 17. HP: 108/108 MP: 11/32
 45308 | Snake:3  | Found Esidadec's Armour Shoppe.
 45474 | Snake:3  | Bought the -2 hat of the Alchemist {rElec rPois rF+ rC+ rN+
                  | Will+ rMut rCorr} for 849 gold pieces
 45474 | Snake:3  | Found the -2 hat of the Alchemist {rElec rPois rF+ rC+ rN+
                  | Will+ rMut rCorr}
 45577 | Snake:3  | Reached skill level 1 in Air Magic
 46118 | Snake:4  | Entered Level 4 of the Snake Pit
 46291 | Snake:4  | Noticed Louise
 46298 | Snake:4  | Killed Louise
 46890 | Snake:4  | Reached skill level 15 in Conjurations
 47696 | Snake:4  | Noticed Asterion
 47709 | Snake:4  | Killed Asterion
 48351 | Snake:4  | Identified Sif Muna's Almanac of Earthen Execration (Sif
                  | Muna gifted it to you on level 4 of the Snake Pit)
 48351 | Snake:4  | Received a gift from Sif Muna
 49420 | Snake:4  | Reached skill level 12 in Spellcasting
 50044 | Snake:4  | Reached skill level 1 in Translocations
 50044 | Snake:4  | Reached XP level 18. HP: 117/117 MP: 13/34
 50205 | Snake:4  | Noticed Vashnia
 50422 | Snake:4  | Killed Vashnia
 51428 | Snake:4  | Got a serpentine rune of Zot
 52535 | D:13     | Reached skill level 10 in Dodging
 53270 | D:13     | Noticed Jorgrun
 53284 | D:13     | Killed Jorgrun
 53285 | D:13     | Identified the Catalogue of Weightlessness
 53287 | D:13     | Identified the Disquisition on Damaging Orientation
 53346 | D:13     | Received a gift from Sif Muna
 54475 | D:13     | Found a gate to the Vaults.
 55082 | D:14     | Found an opulent altar of Gozag.
 55128 | D:14     | Noticed Azrael
 55304 | D:14     | Killed Azrael
 55544 | D:14     | Got a jewelled quarterstaff
 56141 | D:15     | Entered Level 15 of the Dungeon
 57272 | D:15     | Reached skill level 1 in Staves
 57382 | D:15     | Received a gift from Sif Muna
 57443 | D:15     | Found a staircase to the Depths.
 57490 | D:15     | Found Ommay's Magic Scroll Shop.
 57498 | D:15     | Bought a scroll of acquirement for 780 gold pieces
 57498 | D:15     | Bought a scroll of fear for 52 gold pieces
 57498 | D:15     | Bought a scroll of fear for 52 gold pieces
 57498 | D:15     | Bought a scroll of enchant weapon for 112 gold pieces
 57502 | D:15     | Acquired the ring of Syndicalism {rF- AC+4 Str+5 Int+3}
 57824 | Elf:1    | Reached XP level 19. HP: 114/122 MP: 0/35
 58084 | Elf:1    | Identified the cursed +3 quarterstaff "Ideli" {holy, rF+
                  | rN+ Will+ Str-4} (You found it on level 14 of the Dungeon)
 58257 | Elf:1    | Noticed Donald
 58267 | Elf:1    | Killed Donald
 58278 | Elf:1    | Reached skill level 10 in Stealth
 58546 | Elf:1    | Found a shimmering blue altar of Sif Muna.
 58827 | Elf:1    | Learned a level 7 spell: Spellforged Servitor
 59381 | Elf:2    | Reached skill level 13 in Spellcasting
 60912 | Elf:2    | Noticed Roxanne
 60920 | Elf:2    | Killed Roxanne
 61469 | Elf:2    | Found a runed translucent gate.
 61469 | Elf:2    | Found a runed translucent gate.
 61470 | Elf:2    | Found a runed translucent gate.
 61882 | Elf:2    | Identified Ymiuxal's Handbook of Hurtful Enchantment (Sif
                  | Muna gifted it to you on level 2 of the Elven Halls)
 61882 | Elf:2    | Received a gift from Sif Muna
 62507 | Elf:3    | Entered Level 3 of the Elven Halls
 62988 | Elf:3    | Reached skill level 15 in Fire Magic
 63297 | Elf:3    | Reached XP level 20. HP: 128/128 MP: 21/37
 63423 | Elf:3    | Identified the +4 chain mail of Integrity {Will+ Int+3
                  | Dex+3 Stlth+}
 64015 | Elf:3    | Found the +3 crown of Dyrovepreva {rElec Int+2 SInv}
 64277 | Elf:3    | Reached skill level 14 in Spellcasting
 66446 | Swamp:1  | Identified Sif Muna's Tome of Displacement (Sif Muna gifted
                  | it to you on level 1 of the Swamp)
 66446 | Swamp:1  | Received a gift from Sif Muna
 66451 | Swamp:1  | Learned a level 2 spell: Blink
 68160 | Swamp:3  | Found a transporter.
 68162 | Swamp:3  | Found a transporter.
 68763 | Swamp:3  | Identified the Papyrus of the Damaging Frostbite
 68928 | Swamp:4  | Entered Level 4 of the Swamp
 69280 | Swamp:4  | Reached XP level 21. HP: 134/134 MP: 0/39
 69666 | Swamp:4  | Received a gift from Sif Muna
 70475 | Swamp:4  | Got a decaying rune of Zot
 70793 | Slime:1  | Entered Level 1 of the Pits of Slime
 71856 | Vaults:1 | Entered Level 1 of the Vaults
 72075 | Vaults:1 | Reached skill level 15 in Spellcasting
 72176 | Vaults:1 | Found Fepreimel's Armour Emporium.
 72387 | Vaults:1 | Got a fine steel ring
 72389 | Vaults:1 | Identified the ring "Ginanneu" {+Inv rElec Int-2 Stlth+}
                  | (You found it on level 1 of the Vaults)
 73398 | Vaults:1 | Got an iridescent mace
 73399 | Vaults:1 | Identified the +1 mace of the Final Bounties {vorpal,
                  | Str+5} (You found it on level 1 of the Vaults)
 73816 | Vaults:1 | Received a gift from Sif Muna
 74808 | Vaults:2 | Reached skill level 10 in Shields
 75153 | Vaults:2 | Noticed Mara
 75171 | Vaults:2 | Noticed Conn's illusion
 75176 | Vaults:2 | Killed Mara
 76357 | Vaults:2 | Reached XP level 22. HP: 139/139 MP: 35/41
 76642 | Vaults:2 | Found a staircase to the Crypt.
 76679 | Vaults:2 | Identified Sif Muna's Advanced Steps in Witchery (Sif Muna
                  | gifted it to you on level 2 of the Vaults)
 76679 | Vaults:2 | Received a gift from Sif Muna
 77206 | Vaults:3 | Reached skill level 16 in Spellcasting
 77396 | Vaults:3 | Found a flickering gateway to a bazaar.
 77405 | Bazaar   | Entered a bazaar
 77526 | Bazaar   | Found Xelyr's Jewellery Boutique.
 77544 | Bazaar   | Found Loapp's Antique Weapon Shoppe.
 77549 | Bazaar   | Bought an ichor-stained demon whip for 360 gold pieces
 77550 | Bazaar   | Identified the +2 demon whip of Jeapugg {drain, Dex+4} (You
                  | bought it in a shop in a bazaar)
 77565 | Bazaar   | Found Ixkomm's Book Boutique.
 77582 | Bazaar   | Found Zequab's Antique Armour Emporium.
 77604 | Bazaar   | Bought an uncursed ring of fire for 275 gold pieces
 77604 | Bazaar   | Bought a +4 ring of protection for 396 gold pieces
 77604 | Bazaar   | Bought a +6 ring of intelligence for 643 gold pieces
 77604 | Bazaar   | Bought a +6 ring of intelligence for 643 gold pieces
 77731 | Vaults:3 | Learned a level 8 spell: Ignition
 79044 | Vaults:3 | Received a gift from Sif Muna
 79786 | Vaults:4 | Found Qeisous's Antique Armour Boutique.
 80749 | Vaults:4 | Reached skill level 17 in Spellcasting
 81242 | Vaults:4 | Reached XP level 23. HP: 133/145 MP: 4/44
 82223 | Vaults:5 | Entered Level 5 of the Vaults
 82224 | Vaults:5 | Identified Sif Muna's Catalogue of the Escort and the Blaze
                  | (Sif Muna gifted it to you on level 5 of the Vaults)
 82224 | Vaults:5 | Received a gift from Sif Muna
 82896 | Vaults:5 | Noticed an ancient lich
 82920 | Vaults:5 | Reached skill level 18 in Spellcasting
 82950 | Vaults:5 | Reached skill level 1 in Poison Magic
 83116 | Vaults:5 | Killed an ancient lich
 83117 | Vaults:5 | Reached XP level 24. HP: 50/152 MP: 10/45
 83248 | Vaults:5 | Identified the cursed ring of Oguth {*Drain +Inv rN+ AC-4
                  | Slay+3}
 83422 | Vaults:5 | Identified Sif Muna's Incunabulum of the Cloudy Escort (Sif
                  | Muna gifted it to you on level 5 of the Vaults)
 83422 | Vaults:5 | Received a gift from Sif Muna
 84100 | Vaults:5 | Found the +6 lightning scales {run, rElec}
 84212 | Vaults:5 | Noticed Bai Suzhen
 84316 | Vaults:5 | Killed Bai Suzhen
 84317 | Vaults:5 | Reached skill level 19 in Spellcasting
 84583 | Vaults:5 | Identified the ring of Amelioration {rF+ rN+ Str+6 Int+4
                  | Slay+3}
 84748 | Vaults:5 | Got a silver rune of Zot
 85175 | Vaults:5 | Identified Secehot's Papyrus of Cold
 85281 | Vaults:5 | Found the +2 cloak of the Thief {*Fog Slay-2 SInv Stlth+}
 85417 | Vaults:5 | Found the +7 Kryia's mail coat {PotionHeal*2 rC+}
 85829 | Depths:1 | Entered Level 1 of the Depths
 85829 | Depths:1 | Found Gyuzeuso's Antique Armour Boutique.
 86080 | Depths:1 | Found Xozakk's Magic Scroll Shop.
 86081 | Depths:1 | Found Ciclacre's Magic Scroll Boutique.
 86101 | Depths:1 | Found Kyar's Magic Scroll Shop.
 86124 | Depths:1 | Bought a scroll of teleportation for 45 gold pieces
 86124 | Depths:1 | Bought a scroll of teleportation for 45 gold pieces
 86248 | Depths:1 | Found a one-way gate leading to the halls of Pandemonium.
 87181 | Depths:1 | Found a gateway to Hell.
 87243 | Depths:1 | Found a runed translucent door.
 87244 | Depths:1 | Found the amulet of the Air {Inacc +Fly rElec EV+5 RMsl}
 87594 | Depths:1 | Found Jitsuw's Jewellery Emporium.
 88124 | Depths:2 | Received a gift from Sif Muna
 89347 | Depths:3 | Reached XP level 25. HP: 145/157 MP: 0/46
 89509 | Depths:3 | Learned a level 9 spell: Fire Storm
 89551 | Depths:3 | Learned a level 6 spell: Dispersal
 89563 | Depths:3 | Found a gateway to a ziggurat.
 90059 | Depths:3 | Gained mutation: You are frail. (-10% HP) [a neqoxec]
 90248 | Depths:3 | Reached skill level 20 in Spellcasting
 90269 | Depths:3 | Identified the cursed +1 robe of the Moon {rF+}
 90514 | Depths:3 | Lost mutation: You are frail. (-10% HP) [potion of
                  | mutation]
 90514 | Depths:3 | Gained mutation: You occasionally shout uncontrollably at
                  | your foes. [potion of mutation]
 90514 | Depths:3 | Gained mutation: You are covered in fur. (AC +1) [potion of
                  | mutation]
 90854 | Depths:3 | Identified the +6 mace of Rubbish {venom, rPois Str+6
                  | Dex+6}
 90942 | Depths:3 | Identified the +11 mace of Kaniq {freeze, rPois rC- MP+9
                  | Int-4}
 90948 | Depths:3 | Upgraded the game from 0.26-a0-1120-ga1b6d6fda9 to
                  | 0.26-a0-1129-gc5df7fbe6a
 91060 | Depths:3 | Found a burning altar of Makhleb.
 91064 | Depths:3 | Found the +2 hood of the Assassin {Detection Stab+ Stlth++}
 91114 | Depths:3 | Found a runed translucent door.
 91115 | Depths:3 | Found a runed translucent door.
 91242 | Depths:3 | Received a gift from Sif Muna
 91574 | Depths:4 | Found a broken altar of Ashenzari.
 91605 | Depths:4 | Reached skill level 5 in Translocations
 91817 | Depths:4 | Identified the +8 war axe "Poaduarph" {vorpal, Dex+3}
 92091 | Depths:4 | Identified the +2 robe "Rialacuss" {rElec rCorr MP-9 Int-4}
 93272 | Depths:4 | Identified Sif Muna's Volume of the Entourage (Sif Muna
                  | gifted it to you on level 4 of the Depths)
 93272 | Depths:4 | Received a gift from Sif Muna
 93307 | Depths:4 | Found a bloodstained altar of Trog.
 93308 | Depths:4 | Found a one-way gate to the infinite horrors of the Abyss.
 94186 | Depths:4 | Found a shimmering blue altar of Sif Muna.
 94729 | Depths:4 | Found a glowing golden altar of the Shining One.
 94745 | Depths:4 | Reached XP level 26. HP: 111/163 MP: 27/47
 95179 | Depths:5 | Entered Level 5 of the Depths
 95180 | Depths:5 | Noticed Boris
 95186 | Depths:5 | Killed Boris
 95636 | Depths:5 | Reached skill level 21 in Spellcasting
 96468 | Depths:5 | Found a gate to the Realm of Zot.
 96953 | Depths:5 | Noticed a juggernaut
 96954 | Depths:5 | Noticed Sojobo
 96957 | Depths:5 | Killed a juggernaut
 96962 | Depths:5 | Killed Sojobo
 97185 | Depths:5 | Found Kipiwk's Magic Scroll Boutique.
 97185 | Depths:5 | Found Leiloil's Armour Shop.
 97279 | Depths:5 | Received a gift from Sif Muna
 98273 | Depths:5 | Learned a level 8 spell: Lehudib's Crystal Spear
 98343 | Depths:5 | Identified the ring "Xerpheu" {rElec Int+6 Stlth+} (You
                  | found it on level 5 of the Depths)
 98875 | Slime:1  | Reached skill level 1 in Earth Magic
100336 | Slime:5  | Entered Level 5 of the Pits of Slime
100589 | Slime:5  | Received a gift from Sif Muna
100648 | Slime:5  | Noticed the Royal Jelly
100651 | Slime:5  | Killed the Royal Jelly
100677 | Slime:4  | Reached XP level 27. HP: 109/169 MP: 5/48
101378 | Slime:3  | Reached skill level 22 in Spellcasting
101691 | Slime:1  | Reached skill level 5 in Earth Magic
101875 | Slime:1  | Received a gift from Sif Muna
102168 | Slime:5  | Identified the cursed +1 short sword "Ciall" {vorpal, +Fly}
                  | (You found it on level 5 of the Pits of Slime)
102171 | Slime:5  | Identified the +9 glaive of the Volcano {pain, rN+ Will+}
                  | (You found it on level 5 of the Pits of Slime)
102260 | Slime:5  | Identified the +5 hand axe "Esauv" {freeze, rC+ rN+} (You
                  | found it on level 5 of the Pits of Slime)
102311 | Slime:5  | Got a slimy rune of Zot
102909 | Crypt:1  | Entered Level 1 of the Crypt
106005 | Crypt:3  | Entered Level 3 of the Crypt
106315 | Crypt:3  | Received a gift from Sif Muna
106371 | Crypt:3  | Noticed Jory
106378 | Crypt:3  | Killed Jory
106577 | Crypt:3  | Noticed Frederick
106583 | Crypt:3  | Killed Frederick
107140 | Crypt:3  | Noticed Xtahua
107560 | Crypt:3  | Killed Xtahua
107976 | Crypt:3  | Noticed a royal mummy
107979 | Crypt:3  | Killed a royal mummy
108330 | Crypt:3  | Found a staircase to the Tomb.
108713 | Crypt:3  | Found a basalt altar of Yredelemnul.
109106 | Crypt:3  | Identified Sif Muna's Papyrus of Captivating Arcane Weapons
                  | (Sif Muna gifted it to you on level 3 of the Crypt)
109106 | Crypt:3  | Received a gift from Sif Muna
109436 | Crypt:3  | Identified the Compendium of Dark Secrets
110062 | Hell     | Entered the Vestibule of Hell
110062 | Hell     | Noticed Geryon
110184 | Hell     | Killed Geryon
110874 | Hell     | Found a gateway to the freezing wastes of Cocytus.
111248 | Hell     | Found a gateway to the Iron City of Dis.
111274 | Hell     | Found a gateway to the ashen valley of Gehenna.
111374 | Hell     | Found a gateway to the decaying netherworld of Tartarus.
111562 | Geh:1    | Entered Level 1 of Gehenna
112112 | Coc:1    | Entered Level 1 of Cocytus
113228 | Coc:1    | Reached skill level 23 in Spellcasting
113388 | Coc:1    | Reached skill level 10 in Fighting
114860 | Coc:3    | Reached skill level 10 in Earth Magic
114860 | Coc:3    | Reached ****** piety under Sif Muna
117006 | Coc:5    | Reached skill level 10 in Invocations
117755 | Coc:7    | Entered Level 7 of Cocytus
117835 | Coc:7    | Reached skill level 5 in Staves
118702 | Coc:7    | HP: 4/171 [the open sea collision (19)]
119598 | Coc:7    | Reached skill level 24 in Spellcasting
119752 | Coc:7    | Identified the +6 falchion of the Lonely Youths {vorpal,
                  | rPois Will+}
120168 | Coc:7    | Identified the +10 gold dragon scales of a treasure trove
                  | {rPois rF+ rC+ rCorr Str+2}
120169 | Coc:7    | Identified the ring of Deudghyjem {rF+ Int+4 SInv}
120688 | Coc:7    | Noticed Antaeus
120700 | Coc:7    | Killed Antaeus
120724 | Coc:7    | Identified the Incunabulum of Congealing Lightness
120966 | Coc:7    | Identified the +2 halberd "Todeetegg" {venom, Int+2} (You
                  | found it on level 7 of Cocytus)
120999 | Coc:7    | Got an icy rune of Zot
121229 | Tar:1    | Entered Level 1 of Tartarus
121345 | Hell     | HP: 1/168 [shadow dragon/bolt of negative energy[a doom
                  | hound] (12)]
121902 | Depths:1 | Bought 2 scrolls of enchant armour for 225 gold pieces
125136 | Tar:3    | Reached skill level 25 in Spellcasting
125349 | Tar:4    | Reached skill level 15 in Earth Magic
126675 | Tar:5    | You fall into a shaft and drop 1 floor!
126678 | Tar:6    | Reached skill level 10 in Translocations
127299 | Tar:7    | Entered Level 7 of Tartarus
127699 | Hell     | Learned a level 6 spell: Starburst
130063 | Tar:6    | Reached skill level 10 in Summonings
133668 | Tar:7    | Reached skill level 26 in Spellcasting
134281 | Tar:7    | Got a translucent lapis lazuli ring
134285 | Tar:7    | Identified the ring "Pasag" {Wiz rC+ Int+4} (You found it
                  | on level 7 of Tartarus)
134300 | Tar:7    | Learned a level 9 spell: Shatter
134720 | Tar:7    | Noticed Ereshkigal
135181 | Tar:7    | Identified the +4 quarterstaff "Yjioshri" {protect, Int+3}
                  | (You found it on level 7 of Tartarus)
135532 | Tar:7    | Noticed the Serpent of Hell
135543 | Tar:7    | Killed the Serpent of Hell
135842 | Tar:7    | Killed Ereshkigal
135843 | Tar:7    | Reached skill level 15 in Shields
136342 | Tar:7    | Got a bone rune of Zot
136353 | Tar:7    | Got a clouded ivory amulet
136354 | Tar:7    | Identified the amulet of Ceexziol {Acrobat *Contam +Inv
                  | Str+4} (You found it on level 7 of Tartarus)
136561 | Tar:7    | Reached skill level 10 in Staves
138412 | Dis:1    | Entered Level 1 of the Iron City of Dis
139969 | Dis:4    | HP: 8/173 [Ice Fiend[the effects of Hell] (11)]
141753 | Dis:6    | Gained mutation: You are frail. (-10% HP) [a cacodemon]
141829 | Dis:6    | Reached skill level 15 in Dodging
142271 | Dis:6    | Reached skill level 27 in Spellcasting
142656 | Dis:7    | Entered Level 7 of the Iron City of Dis
144989 | Dis:7    | Killed from afar by an iron dragon

Illustrated notes

Levels and vault maps discovered:
D:1:      onia_arrival_pentagram, layout_loops_ring
D:2:      layout_basic, nicolae_ashenzari_panopticon, lemuel_doored_altar,
          serial_bayou, serial_bayou_pond_d, serial_bayou_lake_a,
          serial_bayou_shore_a, serial_bayou_lagoon_a, minivault_25,
          minmay_pentomino_s2, uniq_crazy_yiuf_cottage, uniq_jessica
D:3:      layout_rooms, serial_corexii_hall, corexii_hall_statues_x,
          corexii_hall_statues_l, kennysheep_potato
D:4:      minmay_bubble_buster, layout_basic, cheibriados_altar_1,
          wad_floor_pattern_untrapped, uniq_pikel, uniq_grinder
D:5:      wander_guarded_unrand_ratskin, layout_basic,
          gammafunk_ghost_necromancy, basic_altar, serial_undead,
          serial_undead_e, serial_undead_b, serial_undead_e, serial_undead_d,
          serial_undead_b, serial_undead_e, serial_undead_a, serial_undead_e
D:6:      layout_rooms, serial_shops, nicolae_shop_trees, enter_ossuary_5
D:7:      minmay_the_grid_four_pointed_star
          [minmay_the_grid_triangle_9x9_longest,
          minmay_the_grid_triangle_9x9_zippers_vertical,
          minmay_the_grid_triangle_9x9_checkered,
          minmay_the_grid_triangle_9x9_descending_squares,
          minmay_the_grid_prize_four_corners], layout_basic,
          minmay_temple_entry_overgrown
D:8:      layout_rooms, serial_shops, nicolae_shop_stone
D:9:      layout_basic, minitemple, erik_lair_island, uniq_psyche
D:10:     minmay_cut_squares, layout_long_grid
D:11:     layout_loops_ring, portal_ice_cave_entry_pillars_1,
          eino_small_chamber_without_monster, kennysheep_generic_room_5,
          uniq_josephine
D:12:     layout_rooms, erik_orc_3, basic_altar, hangedman_decor_opposing,
          uniq_erolcha
D:13:     minmay_concentric_multi, layout_rooms, grunt_vaults_entry_fortified,
          uniq_jorgrun
D:14:     layout_cave_pools, basic_altar, chequers_serial_rivers_micro_c,
          kennysheep_inner_square, uniq_azrael
D:15:     hangedman_depths_entry_civil_slaughter, layout_rooms,
          minmay_misc_feat_square, serial_shops, nicolae_shop_behind_doors
Temple:   oiseaux_autumnal_temple
Lair:1:   layout_loops_ring, grunt_megastairs_5
Lair:2:   layout_cellular_growth, minivault_29, uniq_maggie
Lair:3:   statuecave_lemuel, layout_cave_shapes, palyth_hydra_swamp_entry,
          basic_altar, minmay_lair_oklob_chamber
Lair:4:   layout_regular_city, dummy_snake_entry
Lair:5:   layout_roguey, dpeg_slime_entry_enclosed_altar, grunt_megastairs_4
Lair:6:   guppyfry_lair_end_dragon, layout_cave_pods,
          hangedman_lair_caniforms_friends
Swamp:1:  layout_basic_swamp, nicolae_swamp_dense_foliage,
          infiniplex_staircase_pool_2
Swamp:2:  layout_basic_swamp, evilmike_swamp_ruin_rubble_2
Swamp:3:  gammafunk_sealed_arena, layout_falls_marsh,
          evilmike_swamp_ruin_house_3
Swamp:4:  swamp, layout_basic_swamp, swamp_pool3, infiniplex_staircase_pool
Snake:1:  layout_cave_pods, special_room, lightli_airlock, grunt_megastairs_1,
          uniq_frances, uniq_aizul
Snake:2:  layout_onion, basic_altar
Snake:3:  layout_honeycomb, basic_altar, nicolae_snake_shapes, minmay_shop_star,
          grunt_megastairs_3
Snake:4:  johnstein_snake_rune_scales, layout_cave_town,
          nicolae_snake_squiggles, serial_bayou_lagoon_b, uniq_vashnia,
          uniq_louise, uniq_asterion
Slime:1:  layout_caves
Slime:2:  layout_caves
Slime:3:  layout_caves
Slime:4:  layout_caves
Slime:5
Orc:1:    layout_caves, special_room [special_room_bee]
Orc:2:    grunt_orc_community_town_hall, layout_caves,
          grunt_orc_community_big_house_1, grunt_orc_community_big_house_1,
          grunt_orc_community_house_3, grunt_orc_community_house_1,
          grunt_orc_community_house_2, grunt_orc_community_house_3,
          grunt_orc_community_house_1, grunt_orc_community_house_1,
          david_defended_altar_orc
Elf:1:    layout_loops_corners, hangedman_corner_corridor,
          corexii_hall_statues_u, minivault_16, st_stairs_3, tgw_sif,
          uniq_donald
Elf:2:    layout_geoelf_grid, uniq_roxanne
Elf:3:    grunt_elf_hall_spiral, layout_loops_corners, minivault_19
Vaults:1: v_misc_17, nicolae_vaults_network_star, st_cells,
          nicolae_vaults_little_ls, vaults_room_stairs_pillars,
          hangedman_vaults_restitches, hangedman_vaults_river_flow,
          vaults_mumra_hex, vaults_mumra_lcd, layout_vaults_chaotic_city,
          serial_shops, shop
Vaults:2: v_misc_24, v_misc_29, vaults_room_stairs_pillars,
          ontoclasm_vaults_loading_screen, minmay_crypt_entry_simple_box,
          grunt_vaults_funnel, layout_vaults_omnigrid, uniq_mara
Vaults:3: v_misc_27, ontoclasm_vaults_ring_large, v_pattern_1, v_rooms_3,
          vaults_dpeg_diagonal, grunt_vaults_swirl,
          nicolae_vaults_network_quinsquares
          [nicolae_vaults_network_quincunx_subvault,
          nicolae_vaults_network_quincunx_subvault,
          nicolae_vaults_network_quincunx_subvault,
          nicolae_vaults_network_quincunx_subvault], ontoclasm_vaults_shuriken,
          nicolae_vaults_little_squares_4, v_misc_2,
          nicolae_vaults_little_squares_2, nicolae_vaults_diagonal_hallway_9,
          layout_vaults_maze_snakey, serial_shops, bzr_entry_water
Vaults:4: v_alt_pattern_4, vaults_room_hangedman_quadrants, v_rooms_6,
          vaults_room_ringed_pool, ontoclasm_vaults_eye, vaults_room_fours,
          v_rooms_1, ontoclasm_vaults_decontamination, v_misc_18,
          ontoclasm_vaults_tryst, vaults_mumra_minichess,
          ontoclasm_vaults_idyll, vaults_room_pools, layout_vaults_ring,
          serial_shops, shop_coins
Vaults:5: uniq_bai_suzhen
Crypt:1:  layout_catacombs, uniq_margery
Crypt:2:  layout_regular_city, moated_statue, st_vampire_maze
Crypt:3:  church_of_pain_bobbens, layout_chaotic_city,
          nicolae_tomb_entry_rubble_hallway, uniq_xtahua, uniq_jory,
          uniq_frederick
Depths:1: layout_basic, hellmouth_2, pan_entry, serial_shops,
          kennysheep_little_box, shop, nicolae_shop_window_shopping,
          nicolae_shop_temple_entry_statues_fountains, shop,
          kennysheep_treasure_room, kennysheep_random_hallway
Depths:2: nooodl_heptagram, layout_honeycomb, hangedman_decor_riveting,
          hell_entry, feat_on_display
Depths:3: evilmike_makhleb_hellhole, layout_cave_pools, enter_ziggurat_f,
          infiniplex_staircase_squiggle, rand_demon_pan_entry_4,
          hangedman_coc_ice_floe, kennysheep_generic_room_13, firewood_loft
Depths:4: grunt_profane_halls [grunt_profane_temple_tar,
          grunt_profane_temple_coc, grunt_profane_temple_geh,
          grunt_profane_temple_dis, grunt_profane_loot], serial_shops,
          abyss_entry, hell_entry
Depths:5: lemuel_castle_with_subvaults [lemuel_castle_interior_original],
          layout_honeycomb, abyss_entry, serial_bayou_pond_d,
          hangedman_geh_valley, minmay_shoptagon, serial_bayou_shore_b,
          uniq_boris, uniq_sojobo
Hell
Dis:1:    layout_chaotic_city, nicolae_dis_lava_storage_tank
Dis:2:    layout_jigsaw
Dis:3:    layout_overlapping_boxes
Dis:4:    hangedman_iron_city_apartments, layout_jigsaw
Dis:5:    layout_jigsaw
Dis:6:    layout_regular_city
Dis:7:    iron_city_of_dis [dis_grunt, dis_wall_5], layout_chaotic_city
Geh:1:    layout_gehenna_lava_caves
Coc:1:    layout_ice_bergs
Coc:2:    layout_cocytus_water_paths
Coc:3:    layout_ice_bergs
Coc:4:    layout_ice_bergs, lemuel_elevator
Coc:5:    layout_ice_bergs
Coc:6:    layout_cocytus_delve, evilmike_ambush [evilmike_ambush_outer_basic,
          evilmike_ambush_inner_wall_2]
Coc:7:    coc_grunt_cove [coc_grunt_cove_antaeus, coc_grunt_cove_fiend,
          coc_grunt_cove_fiend, coc_grunt_cove_fiend, coc_grunt_cove_fiend]
Tar:1:    layout_catacombs
Tar:2:    layout_grid_maze, grunt_megastairs_2
Tar:3:    layout_honeycomb
Tar:4:    layout_catacombs
Tar:5:    layout_grid_maze, lemuel_nasty_fountain
Tar:6:    layout_grid_maze, lemuel_elevator
Tar:7:    tar_minmay_river

Skill      XL: |  1  2  3  4  5  6  7  8  9 10 11 12 13 14 15 16 17 18 19 20 21 22 23 24 25 26 27 |
---------------+----------------------------------------------------------------------------------+-----
Stealth        | 3 4 5 6 8 9 10 11 | 11.0
Spellcasting   | 3 4 6 7 8 9 10 11 12 13 14 15 17 18 19 20 21 27 | 27.0
Fire Magic     | 4 5 6 7 9 10 11 12 13 14 15 16 17 18 19 20 23 | 23.6
Conjurations   | 2 3 4 7 8 9 11 13 14 15 16 17 18 19 20 26 | 26.0
Short Blades   | 2 3 4 5 6 7 8 9 |  9.8
Fighting       | 2 3 5 7 8 9 11 | 11.8
Dodging        | 3 4 5 7 8 9 10 11 15 | 15.2
Shields        | 1 3 4 6 7 9 10 11 16 | 16.2
Invocations    | 1 4 6 7 8 9 13 | 13.4
Throwing       | 1 |  1.9
Summonings     | 1 4 6 7 8 12 | 12.1
Evocations     | 1 2 |  2.8
Ice Magic      | 1 4 6 7 8 |  8.5
Air Magic      | 1 2 |  2.3
Translocations | 1 2 3 6 12 | 12.7
Staves         | 1 2 3 11 | 11.4
Poison Magic   | 1 |  1.5
Earth Magic    | 3 18 | 18.2
Crossbows      | |  0.4
Unarmed Combat | |  0.1

Action                   |  1- 3 |  4- 6 |  7- 9 | 10-12 | 13-15 | 16-18 | 19-21 | 22-24 | 25-27 || total
-------------------------+-------+-------+-------+-------+-------+-------+-------+-------+-------++-------
Melee: Unarmed           |     5 |       |       |       |       |       |       |       |       ||     5
       Constrict         |     2 |     6 |    15 |    22 |    75 |    36 |     9 |    12 |   278 ||   455
       Tentacles         |     1 |     6 |     9 |    29 |   108 |    74 |    36 |    39 |   584 ||   886
       Short sword       |     2 |    18 |    72 |    81 |       |       |       |       |       ||   173
       Rapier            |       |       |       |    52 |   421 |   208 |    68 |    88 |   175 ||  1012
       Staff             |       |       |       |     2 |   119 |    71 |    32 |    37 |  1878 ||  2139
       Punch             |       |       |       |       |     1 |       |       |       |     1 ||     2
 Fire: Triple crossbow   |       |       |       |     5 |       |       |       |       |       ||     5
Throw: Dart              |       |     3 |     2 |     3 |     1 |     4 |     3 |       |     2 ||    18
 Cast: Foxfire           |    45 |   109 |   269 |   304 |   358 |   102 |    44 |    26 |   308 ||  1565
       Conjure Flame     |       |     1 |    10 |    16 |    17 |       |       |       |       ||    44
       Sticky Flame      |       |       |    12 |    30 |   103 |    21 |    18 |    13 |       ||   197
       Fireball          |       |       |     2 |    54 |   166 |   132 |   245 |   171 |   598 ||  1368
       Inner Flame       |       |       |       |     2 |       |       |       |       |       ||     2
       Summon Small Mamm |       |       |       |     7 |       |       |       |       |       ||     7
       Frozen Ramparts   |       |       |       |     1 |       |       |       |       |       ||     1
       Ozocubu's Armour  |       |       |       |       |    13 |     8 |     2 |     7 |     8 ||    38
       Mephitic Cloud    |       |       |       |       |     8 |     9 |     7 |     5 |       ||    29
       Freeze            |       |       |       |       |    35 |     2 |     4 |     7 |     3 ||    51
       Summon Ice Beast  |       |       |       |       |    10 |    10 |     1 |       |     1 ||    22
       Hailstorm         |       |       |       |       |     7 |    17 |     1 |    10 |    24 ||    59
       Orb of Destructio |       |       |       |       |       |   192 |   162 |   108 |   581 ||  1043
       Iskenderun's Myst |       |       |       |       |       |    36 |    41 |    35 |   569 ||   681
       Spellforged Servi |       |       |       |       |       |       |     1 |     5 |     1 ||     7
       Blink             |       |       |       |       |       |       |     5 |     6 |    80 ||    91
       Ignition          |       |       |       |       |       |       |       |    43 |    50 ||    93
       Fire Storm        |       |       |       |       |       |       |       |       |   222 ||   222
       Dispersal         |       |       |       |       |       |       |       |       |    19 ||    19
       Lehudib's Crystal |       |       |       |       |       |       |       |       |    94 ||    94
       Starburst         |       |       |       |       |       |       |       |       |    31 ||    31
       Shatter           |       |       |       |       |       |       |       |       |     4 ||     4
       Summon Demon      |       |       |       |       |       |       |       |       |     1 ||     1
Invok: Channel Magic     |       |       |       |       |     6 |     5 |     6 |    14 |    93 ||   124
       Divine Exegesis   |       |       |       |       |       |       |       |       |     1 ||     1
 Abil: Evoke Flight      |       |       |       |       |       |       |       |       |     1 ||     1
Evoke: Wand              |       |       |     1 |     7 |     2 |     9 |       |       |    22 ||    41
       Phantom mirror    |       |       |       |       |     1 |     1 |     1 |       |     1 ||     4
  Use: Scroll            |     1 |     1 |     8 |    14 |     9 |     9 |     7 |     9 |    34 ||    92
       Potion            |       |     4 |     2 |     5 |    15 |     7 |     3 |    15 |    32 ||    83
 Stab: Sleeping          |       |     2 |     7 |    24 |     9 |     7 |    12 |     4 |    26 ||    91
       Paralysed         |       |       |       |     2 |       |     1 |       |       |       ||     3
       Distracted        |       |       |       |     1 |       |     2 |     1 |     1 |     4 ||     9
       Confused          |       |       |       |       |     4 |     3 |     2 |       |       ||     9
Armor: Skin              |     1 |     1 |     1 |     5 |    93 |    10 |     6 |    25 |   141 ||   283
Dodge: Dodged            |    16 |    33 |    98 |   239 |   766 |   361 |    94 |   112 |   981 ||  2700
Block: Other             |       |       |     8 |    18 |       |       |       |       |       ||    26
       Reflection        |       |       |       |     6 |       |       |    34 |    50 |    40 ||   130
       Buckler           |       |       |       |     8 |   342 |   127 |     2 |       |       ||   479
       Kite shield       |       |       |       |       |       |       |    91 |   135 |  1558 ||  1784

Table legend: (Time is in decaauts)
 A = Elapsed time spent in this place.
 B = Non-inter-level travel time spent in this place.
 C = Inter-level travel time spent in this place.
 D = Time resting spent in this place.
 E = Time spent auto-exploring this place.
 F = Levels seen in this place.
 G = Mean time per level.
                   A        B        C        D        E       F      G
               +--------+--------+--------+--------+--------+-----+--------+
         Total | 144657 | 139229 |   5428 |  61858 |  39963 |  79 | 1831.1 |
       Dungeon |  25430 |  23383 |   2047 |   6363 |   9921 |  15 | 1695.3 |
        Temple |    190 |    174 |     16 |      0 |    155 |   1 |  190.0 |
          Lair |  14811 |  13452 |   1359 |   5037 |   5358 |   6 | 2468.5 |
         Swamp |   4784 |   4619 |    165 |   1778 |   1788 |   4 | 1196.0 |
     Snake Pit |  12831 |  12484 |    347 |   7104 |   2882 |   4 | 3207.8 |
    Slime Pits |   3748 |   3683 |     65 |   1458 |   1263 |   5 |  749.6 |
  Orcish Mines |   3900 |   3749 |    151 |   1811 |    842 |   2 | 1950.0 |
   Elven Halls |   7948 |   7598 |    350 |   3550 |   2348 |   3 | 2649.3 |
        Vaults |  14090 |  13759 |    331 |   4707 |   5414 |   5 | 2818.0 |
         Crypt |   6665 |   6518 |    147 |   3242 |   2033 |   3 | 2221.7 |
        Depths |  14235 |  13831 |    404 |   6868 |   3921 |   5 | 2847.0 |
          Hell |   2413 |   2370 |     43 |   1518 |    455 |   1 | 2413.0 |
           Dis |   6384 |   6384 |      0 |   2862 |   1424 |   7 |  912.0 |
       Gehenna |     88 |     88 |      0 |     46 |      0 |   1 |   88.0 |
       Cocytus |   9033 |   9033 |      0 |   5355 |    675 |   7 | 1290.4 |
      Tartarus |  15306 |  15306 |      0 |   8516 |   1370 |   7 | 2186.6 |
        Bazaar |    238 |    238 |      0 |    117 |      0 |   1 |  238.0 |
       Ossuary |    976 |    976 |      0 |    576 |     18 |   1 |  976.0 |
      Ice Cave |   1579 |   1579 |      0 |    948 |     96 |   1 | 1579.0 |
               +--------+--------+--------+--------+--------+-----+--------+

Top non-repeatable levels by time:
   Tar:7: 6493 daAuts
Depths:4: 4798 daAuts
 Snake:3: 4537 daAuts
  Lair:6: 4094 daAuts
Depths:3: 3826 daAuts
Vaults:2: 3559 daAuts
   Elf:2: 3455 daAuts
Vaults:4: 3447 daAuts
 Snake:1: 3407 daAuts
   Coc:7: 3362 daAuts
     D:5: 3315 daAuts
 Crypt:3: 3209 daAuts
 Snake:4: 2944 daAuts
   Orc:2: 2881 daAuts
Depths:1: 2748 daAuts
